Map: Eternal Empire LE

Players

onlyesp - Winner!

  • Race: Terran Terran
  • League: Silver
  • Spawn Location: 7:00

Ratl

  • Race: Protoss Protoss
  • League: Silver
  • Spawn Location: 1:00

VOD

Have the link to the VOD?

Description

Time

  • Played on: Feb. 11, 2020, 5:42 p.m.
  • Length: 6:55
Show
View Real Time Build Order
Export as new Build Order

onlyesp Terran - Winner!

Build Orders:  

Get SALT Encoding   

  12  0:01  SCV  
  13  0:15  Supply Depot  
  13  0:17  SCV  
  14  0:29  SCV  
  15  0:40  Barracks  
  15  0:41  SCV  
  16  0:47  Refinery  
  16  0:54  SCV  
  17  1:06  SCV  
  19  1:18  SCV, Refinery  
  19  1:28  Supply Depot  
  19  1:30  SCV  
  20  1:38  Reaper  
  21  1:47  Orbital Command  
  21  1:58  Factory  
  21  2:14  SCV  
  22  2:25  Barracks Reactor  
  22  2:26  SCV  
  23  2:35  Supply Depot  
  23  2:38  SCV  
  24  2:50  SCV  
  25  3:16  Starport  
  25  3:25  Factory Tech Lab  
  25  3:26  Marine x2  
  27  3:35  Command Center  
  27  3:44  Marine x2  
  29  4:01  SCV  
  30  4:05  Refinery  
  30  4:08  Siege Tank  
  30  4:09  Starport Reactor  
  33  4:17  Supply Depot  
  33  4:20  Starport, Marine  
  33  4:21  Marine  
  35  4:25  Engineering Bay  
  35  4:27  SCV, Engineering Bay  
  36  4:38  Marine x2  
  38  4:56  Marine x2  
  38  4:57  Supply Depot  
  40  5:06  Medivac x2  
  44  5:10  Supply Depot  
  44  5:13  Liberator  
  47  5:14  Marine x2  
  47  5:20  SCV x2  
  51  5:25  Supply Depot  
  51  5:32  SCV x2  
  53  5:39  Supply Depot  
  53  5:44  SCV x2  
  55  5:56  Liberator  
  58  5:57  Siege Tank  
  58  6:00  Barracks  
  58  6:01  Barracks  
Show
View Real Time Build Order
Export as new Build Order

Ratl Protoss 

Build Orders:  

Get SALT Encoding   

  12  0:01  Probe  
  13  0:13  Probe  
  14  0:19  Pylon  
  14  0:25  Probe  
  15  0:39  Gateway  
  15  0:40  Probe (Chrono Boost)  
  16  0:48  Assimilator  
  17  0:50  Probe (Chrono Boost)  
  17  0:55  Probe (Chrono Boost)  
  18  1:03  Assimilator  
  18  1:06  Probe  
  19  1:17  Pylon  
  19  1:18  Probe  
  20  1:30  Probe  
  20  1:40  Cybernetics Core  
  20  1:42  Probe  
  21  1:54  Probe  
  22  2:06  Probe  
  23  2:17  Nexus  
  23  2:18  Probe  
  24  2:27  Gateway  
  24  2:31  Probe  
  25  2:40  Warp Gate  
  25  2:42  Stalker (Chrono Boost)  
  25  2:43  Probe (Chrono Boost)  
  27  2:55  Probe (Chrono Boost)  
  26  3:02  Probe (Chrono Boost)  
  27  3:09  Probe  
  28  3:19  Stalker  
  30  3:22  Probe (Chrono Boost)  
  31  3:29  Probe (Chrono Boost)  
  31  3:34  Probe (Chrono Boost), Stalker  
  35  3:38  Probe (Chrono Boost)  
  35  3:40  Probe (Chrono Boost)  
  37  3:43  Probe (Chrono Boost)  
  37  3:48  Probe  
  38  3:54  Pylon  
  40  3:55  Probe  
  40  3:56  Robotics Facility  
  40  4:04  Stalker  
  40  4:06  Stalker  
  40  4:07  Probe x2  
  46  4:19  Probe x2  
  48  4:31  Probe  
  48  4:32  Probe  
  50  4:43  Probe  
  50  4:44  Probe  
  52  4:47  Nexus  
  52  4:49  Pylon  
  52  4:55  Probe  
  52  4:56  Probe  
  54  5:00  Assimilator  
  54  5:03  Assimilator  
  54  5:07  Probe  
  54  5:08  Probe  
  54  5:10  Observer  
  57  5:15  Gateway  
  57  5:16  Gateway  
  57  5:19  Gateway  
  57  5:21  Gateway  
  57  5:22  Gateway  
  57  5:24  Probe x2  
  59  5:31  Twilight Council  
  59  5:36  Probe x2  
  59  5:37  Pylon  
  59  5:40  Pylon  
  61  5:48  Probe  
  62  5:55  Immortal  
  67  5:58  Probe (Chrono Boost)  
  67  5:59  Probe (Chrono Boost), Pylon  
  67  6:01  Probe (Chrono Boost)  
  69  6:09  Stalker x2  
  69  6:10  Probe (Chrono Boost)  
  73  6:11  Probe (Chrono Boost), Pylon  
  65  6:21  Stalker x2  
  65  6:22  Stalker x2  
  69  6:28  Probe x2  
  69  6:29  Probe  
  64  6:40  Probe  
  64  6:41  Probe x2, Stalker x2, Templar Archives  
  64  6:44  Gateway  
Tags
 
Add a new tag
Caveats
  • Supply blocks, unpowered buildings, or Contaminate may cause inaccurate times.
  • Supply counts are checked every 10 seconds.